SR
LADUE RAMS @ HICKSVILLE HOUNDS
08/23/2038
 
TOP OF THE 1ST
Ladue Rams batting - Pitching for Hicksville Hounds : RHP Glenn Underwood
Pitching: RHP Glenn Underwood
Batting: RHB Yong-hong Ren 0-0: Called Strike
0-1: Swinging Strike
0-2: Ball
1-2: Foul Ball, location: 2F
1-2: Foul Ball, location: 2F
1-2: Strikes out looking
Batting: RHB Bastien Oudin 0-0: Foul Ball, location: 2F
0-1: SINGLE (Line Drive, 9LS, EV 87.5 MPH)
Batting: SHB Diego Alejandro Secada 0-0: Foul Ball, location: 2F
0-1: Called Strike
0-2: Strikes out swinging
Batting: LHB You-liang Yang 0-0: Swinging Strike
0-1: Called Strike
0-2: Ball
1-2: Strikes out looking and he ARGUES THE CALL AND IS TOSSED!
Top of the 1st over - 0 runs, 1 hit, 0 errors, 1 left on base; Ladue 0 - Hicksville 0
BOTTOM OF THE 1ST
Hicksville Hounds batting - Pitching for Ladue Rams : RHP Jimmy Lemaître
Pitching: RHP Jimmy Lemaître
Batting: RHB Shi-yu Ting 0-0: Foul Ball, location: 2F
0-1: Ball
1-1: Foul Ball, location: 2F
1-2: SINGLE (Groundball, 56D, EV 97.5 MPH)
Batting: LHB Robbie Care 0-0: Ball
1-0: Fly out, F4 (Popup, 4, EV 56.9 MPH)
Batting: RHB Luther H. Greene 0-0: Ball
Shi-yu Ting is caught stealing 2nd base 2-4
1-0: Foul Ball, location: 2F
1-1: Foul Ball, location: 2F
1-2: Ball
2-2: Ground out 5-3 (Groundball, 5, EV 80.0 MPH)
Bottom of the 1st over - 0 runs, 1 hit, 0 errors, 0 left on base; Ladue 0 - Hicksville 0
TOP OF THE 2ND
Ladue Rams batting - Pitching for Hicksville Hounds : RHP Glenn Underwood
Batting: RHB Jaime Burgos 0-0: Ball
1-0: Ball
2-0: Foul Ball, location: 2F
2-1: DOUBLE (Line Drive, 8LXD, EV 104.4 MPH)
Batting: RHB Bobby Norris 0-0: SINGLE (Line Drive, 6M, EV 103.1 MPH)
Jaime Burgos to third
Batting: RHB Allan Callejo 0-0: Foul Ball, location: 2F
0-1: Swinging Strike
0-2: Ball
1-2: Strikes out swinging
Batting: RHB Justin Strong 0-0: Foul Ball, location: 2F
0-1: Foul Ball, location: 2F
0-2: Ball
1-2: Strikes out swinging
Batting: LHB Pedro Marrero 0-0: Foul Ball, location: 2F
0-1: Ball
1-1: Foul Ball, location: 2F
1-2: Ball
2-2: Strikes out swinging
Top of the 2nd over - 0 runs, 2 hits, 0 errors, 2 left on base; Ladue 0 - Hicksville 0
BOTTOM OF THE 2ND
Hicksville Hounds batting - Pitching for Ladue Rams : RHP Jimmy Lemaître
Batting: RHB Aloysius Szymanski 0-0: Ball
1-0: Ball
2-0: Ball
3-0: Called Strike
3-1: Called Strike
3-2: Foul Ball, location: 2F
3-2: Base on Balls
Batting: SHB Juan Alonso 0-0: Foul Ball, location: 2F
0-1: Called Strike
0-2: Ball
1-2: Strikes out swinging
Batting: LHB Trent Armstrong 0-0: Swinging Strike
0-1: Foul Ball, location: 2F
0-2: Strikes out looking
Batting: RHB Adam Black 0-0: Ball
1-0: Ball
2-0: Fly out, F7 (Flyball, 7LSF, EV 80.6 MPH)
Bottom of the 2nd over - 0 runs, 0 hits, 0 errors, 1 left on base; Ladue 0 - Hicksville 0
TOP OF THE 3RD
Ladue Rams batting - Pitching for Hicksville Hounds : RHP Glenn Underwood
Batting: RHB Yong-hong Ren 0-0: Called Strike
0-1: Foul Ball, location: 2F
0-2: Strikes out swinging
Batting: RHB Bastien Oudin 0-0: Fly out, F7 (Flyball, 78S, EV 90.6 MPH)
Batting: SHB Diego Alejandro Secada 0-0: Called Strike
0-1: Ball
1-1: Ground out 5-3 (Groundball, 56, EV 105.0 MPH)
Top of the 3rd over - 0 runs, 0 hits, 0 errors, 0 left on base; Ladue 0 - Hicksville 0
BOTTOM OF THE 3RD
Hicksville Hounds batting - Pitching for Ladue Rams : RHP Jimmy Lemaître
Batting: RHB Rafael Briones 0-0: Called Strike
0-1: Ball
1-1: Foul Ball, location: 2F
1-2: Ball
2-2: DOUBLE (Flyball, 89D, EV 108.8 MPH)
Batting: LHB Michael Cherry 0-0: Ball
1-0: Fly out, F8 (Flyball, 8RM, EV 90.6 MPH)
Batting: RHB Shi-yu Ting 0-0: Ball
1-0: Ball
2-0: Called Strike
2-1: Fly out, F9 (Flyball, 9LD, EV 88.8 MPH)
Runner from 2nd tags up, SAFE at 3rd, no throw by RF
Batting: LHB Robbie Care 0-0: Ball
1-0: Foul Ball, location: 2F
1-1: Ball
2-1: Foul Ball, location: 2F
2-2: Foul Ball, location: 2F
2-2: Ball
3-2: SINGLE (Groundball, 4MD, EV 95.6 MPH)
Rafael Briones scores
Batting: RHB Luther H. Greene 0-0: Called Strike
0-1: Fly out, F8 (Flyball, 8RXD, EV 88.8 MPH)
Bottom of the 3rd over - 1 run, 2 hits, 0 errors, 1 left on base; Ladue 0 - Hicksville 1
TOP OF THE 4TH
Ladue Rams batting - Pitching for Hicksville Hounds : RHP Glenn Underwood
Batting: RHB Tim Garner 0-0: Called Strike
0-1: Called Strike
0-2: Ball
1-2: Ball
2-2: Strikes out looking
Batting: RHB Jaime Burgos 0-0: Ball
1-0: Ball
2-0: Called Strike
2-1: Fly out, F3 (Line Drive, 3, EV 65.0 MPH)
Batting: RHB Bobby Norris 0-0: Foul Ball, location: 2F
0-1: Called Strike
0-2: Foul Ball, location: 2F
0-2: Strikes out looking
Top of the 4th over - 0 runs, 0 hits, 0 errors, 0 left on base; Ladue 0 - Hicksville 1
BOTTOM OF THE 4TH
Hicksville Hounds batting - Pitching for Ladue Rams : RHP Jimmy Lemaître
Batting: RHB Aloysius Szymanski 0-0: Ball
1-0: Ball
2-0: Swinging Strike
2-1: Foul Ball, location: 2F
2-2: Fly out, F7 (Flyball, 7S, EV 90.0 MPH)
Batting: SHB Juan Alonso 0-0: Ball
1-0: Ball
2-0: Called Strike
2-1: Foul Ball, location: 2F
2-2: Ball
3-2: Strikes out swinging
Batting: LHB Trent Armstrong 0-0: Ball
1-0: Ball
2-0: DOUBLE (Flyball, 89D, EV 99.4 MPH)
Batting: RHB Adam Black 0-0: DOUBLE (Line Drive, 7LM, EV 102.5 MPH)
Trent Armstrong scores
Batting: RHB Rafael Briones 0-0: Fly out, F6 (Popup, 6MS, EV 80.0 MPH)
Bottom of the 4th over - 1 run, 2 hits, 0 errors, 1 left on base; Ladue 0 - Hicksville 2
TOP OF THE 5TH
Ladue Rams batting - Pitching for Hicksville Hounds : RHP Glenn Underwood
Batting: RHB Allan Callejo 0-0: Ball
1-0: Called Strike
1-1: Fly out, F8 (Flyball, 8RM, EV 81.2 MPH)
Batting: RHB Justin Strong 0-0: Ball
1-0: Ball
2-0: Called Strike
2-1: Ball
3-1: Foul Ball, location: 2F
3-2: Foul Ball, location: 2F
3-2: Strikes out swinging
Batting: LHB Pedro Marrero 0-0: Swinging Strike
0-1: Ball
1-1: Ball
2-1: Ground out 6-3 (Groundball, 6, EV 85.6 MPH)
Top of the 5th over - 0 runs, 0 hits, 0 errors, 0 left on base; Ladue 0 - Hicksville 2
BOTTOM OF THE 5TH
Hicksville Hounds batting - Pitching for Ladue Rams : RHP Jimmy Lemaître
Batting: LHB Michael Cherry 0-0: Fly out, F6 (Popup, 6S, EV 74.4 MPH)
Batting: RHB Shi-yu Ting 0-0: Ball
1-0: Ball
2-0: Foul Ball, location: 2F
2-1: Swinging Strike
2-2: Strikes out looking
Batting: LHB Robbie Care 0-0: Called Strike
0-1: Ball
1-1: Called Strike
1-2: Ball
2-2: Foul Ball, location: 2F
2-2: Strikes out swinging
Bottom of the 5th over - 0 runs, 0 hits, 0 errors, 0 left on base; Ladue 0 - Hicksville 2
TOP OF THE 6TH
Ladue Rams batting - Pitching for Hicksville Hounds : RHP Glenn Underwood
Batting: RHB Yong-hong Ren 0-0: Called Strike
0-1: Swinging Strike
0-2: Ball
1-2: Ball
2-2: Strikes out swinging
Batting: RHB Bastien Oudin 0-0: Ground out 6-3 (Groundball, 6S, EV 60.0 MPH)
Batting: SHB Diego Alejandro Secada 0-0: Ball
1-0: Ground out U3 (Groundball, 3L, EV 85.6 MPH)
Top of the 6th over - 0 runs, 0 hits, 0 errors, 0 left on base; Ladue 0 - Hicksville 2
BOTTOM OF THE 6TH
Hicksville Hounds batting - Pitching for Ladue Rams : RHP Jimmy Lemaître
Batting: RHB Luther H. Greene 0-0: Ball
1-0: Swinging Strike
1-1: Fly out, F9 (Flyball, 9, EV 77.5 MPH)
Batting: RHB Aloysius Szymanski 0-0: Ball
1-0: Foul Ball, location: 2F
1-1: Foul Ball, location: 2F
1-2: Strikes out looking
Batting: SHB Juan Alonso 0-0: Called Strike
0-1: Foul Ball, location: 2F
0-2: Foul Ball, location: 2F
0-2: Foul Ball, location: 2F
0-2: Ball
1-2: Ball
2-2: Fly out, F7 (Flyball, 78S, EV 81.2 MPH)
Bottom of the 6th over - 0 runs, 0 hits, 0 errors, 0 left on base; Ladue 0 - Hicksville 2
TOP OF THE 7TH
Ladue Rams batting - Pitching for Hicksville Hounds : RHP Glenn Underwood
Batting: RHB Tim Garner 0-0: Ball
1-0: Foul Ball, location: 2F
1-1: Ground out 5-3 (Groundball, 5, EV 103.1 MPH)
Batting: RHB Jaime Burgos 0-0: Called Strike
0-1: Called Strike
0-2: Ball
1-2: Foul Ball, location: 2F
1-2: Strikes out swinging
Batting: RHB Bobby Norris 0-0: Swinging Strike
0-1: Swinging Strike
0-2: Reached on error, E6 (Line Drive, 6, EV 69.4 MPH)
Batting: RHB Allan Callejo 0-0: Fly out, F8 (Flyball, 8LM, EV 93.8 MPH)
Top of the 7th over - 0 runs, 0 hits, 1 error, 1 left on base; Ladue 0 - Hicksville 2
BOTTOM OF THE 7TH
Hicksville Hounds batting - Pitching for Ladue Rams : RHP Jimmy Lemaître
Batting: LHB Trent Armstrong 0-0: Ball
1-0: Ball
2-0: Ball
3-0: Base on Balls
Pitching: RHP Abisai Tinter
Batting: RHB Adam Black 0-0: Bunt - Flyout to 5S! F5
Batting: RHB Rafael Briones 0-0: Ball
1-0: Swinging Strike
1-1: Foul Ball, location: 2F
1-2: Ball
2-2: Ball
3-2: Fielders Choice at 2nd, 6-4 (Groundball, 6M, EV 86.9 MPH)
Batting: LHB Michael Cherry 0-0: Ball
1-0: Ball
2-0: Ball
3-0: Called Strike
3-1: Foul Ball, location: 2F
3-2: Base on Balls
Rafael Briones to second
Batting: RHB Shi-yu Ting 0-0: Foul Ball, location: 2F
0-1: Ball
1-1: Foul Ball, location: 2F
1-2: Strikes out looking
Bottom of the 7th over - 0 runs, 0 hits, 0 errors, 2 left on base; Ladue 0 - Hicksville 2
TOP OF THE 8TH
Ladue Rams batting - Pitching for Hicksville Hounds : RHP Glenn Underwood
Batting: RHB Justin Strong 0-0: Called Strike
0-1: Ball
1-1: Called Strike
1-2: Foul Ball, location: 2F
1-2: Ball
2-2: Fly out, F8 (Flyball, 8RM, EV 86.9 MPH)
Batting: LHB Pedro Marrero 0-0: Called Strike
0-1: Ball
1-1: Ball
2-1: Foul Ball, location: 2F
2-2: Ball
3-2: Strikes out looking
Batting: RHB Yong-hong Ren 0-0: Ball
1-0: Called Strike
1-1: Ball
2-1: Foul Ball, location: 2F
2-2: Strikes out swinging
Top of the 8th over - 0 runs, 0 hits, 0 errors, 0 left on base; Ladue 0 - Hicksville 2
BOTTOM OF THE 8TH
Hicksville Hounds batting - Pitching for Ladue Rams : RHP Abisai Tinter
Batting: LHB Robbie Care 0-0: Swinging Strike
0-1: Ball
1-1: DOUBLE (Line Drive, 7LM, EV 107.5 MPH)
Batting: RHB Luther H. Greene 0-0: Called Strike
0-1: Swinging Strike
0-2: Foul Ball, location: 2F
0-2: Foul Ball, location: 2F
0-2: SINGLE (Line Drive, 56, EV 98.8 MPH)
Robbie Care to third
Batting: RHB Aloysius Szymanski 0-0: Swinging Strike
0-1: Foul Ball, location: 2F
0-2: Ball
1-2: Fly out, F9 (Line Drive, 9, EV 93.8 MPH)
Runner from 3rd tags up, SCORES, throw by RF
Batting: SHB Juan Alonso 0-0: Called Strike
0-1: Ball
1-1: Called Strike
1-2: Fielders Choice at 2nd, 6-4 (Groundball, 6M, EV 78.8 MPH)
Batting: LHB Trent Armstrong 0-0: Ball
1-0: Ball
2-0: Ball
3-0: Called Strike
3-1: Base on Balls
Juan Alonso to second
Batting: RHB Adam Black 0-0: Ball
1-0: Ball
2-0: Ball
3-0: Called Strike
3-1: Called Strike
3-2: Foul Ball, location: 2F
3-2: Strikes out swinging
Bottom of the 8th over - 1 run, 2 hits, 0 errors, 2 left on base; Ladue 0 - Hicksville 3
TOP OF THE 9TH
Ladue Rams batting - Pitching for Hicksville Hounds : RHP Glenn Underwood
Pitching: RHP Jérôme Vignon
Batting: RHB Bastien Oudin 0-0: Ball
1-0: Fly out, F7 (Flyball, 7S, EV 85.6 MPH)
Batting: SHB Diego Alejandro Secada 0-0: Ball
1-0: Ball
2-0: Foul Ball, location: 2F
2-1: Foul Ball, location: 2F
2-2: Fly out, F8 (Flyball, 78D, EV 92.5 MPH)
Batting: RHB Tim Garner 0-0: Called Strike
0-1: Ball
1-1: Foul Ball, location: 2F
1-2: Foul Ball, location: 2F
1-2: Ball
2-2: Fly out, F9 (Flyball, 9S, EV 75.6 MPH)
Top of the 9th over - 0 runs, 0 hits, 0 errors, 0 left on base; Ladue 0 - Hicksville 3
Friday, April 17th, 2020 - OOTP Baseball 20.8 Build 74